 Dungeon Crawl Stone Soup version 0.27.1-34-g3ba077fa99 (webtiles) character file.

Game seed: 5819601854690030788

7783 ticklebelly the Fighter (level 11, -1/153 HPs)
             Began as a Minotaur Berserker on Jan 4, 2022.
             Was a High Priest of Trog.
             Slain by a rime drake (5 damage)
             ... on level 8 of the Dungeon.
             The game lasted 00:22:23 (10039 turns).

ticklebelly the Fighter (Minotaur Berserker)       Turns: 10039, Time: 00:22:23

Health: -1/153     AC: 14    Str: 25    XL:     11   Next: 1%
Magic:  10/10      EV: 11    Int:  4    God:    Trog [*****.]
Gold:   375        SH:  0    Dex: 10    Spells: 10/10 levels left

rFire    . . .     SeeInvis .   H - +0 battleaxe
rCold    . . .     Faith    .   (shield currently unavailable)
rNeg     . . .     Spirit   .   n - +0 chain mail
rPois    +         Reflect  .   (helmet restricted)
rElec    .         Harm     .   (no cloak)
rCorr    .         Rampage  .   G - +1 pair of gloves
Will     ++...                  (no boots)
Stlth    ..........             k - amulet of the acrobat
HPRegen  1.35/turn              C - ring of poison resistance
MPRegen  0.12/turn              (no ring)

@: berserking, strong-willed, regenerating, studying Polearms, very quick
A: horns 2, retaliatory headbutt
a: Renounce Religion, Berserk, Trog's Hand, Brothers in Arms


You were on level 8 of the Dungeon.
You worshipped Trog.
Trog was extremely pleased with you.
You visited 2 branches of the dungeon, and saw 10 of its levels.

You collected 375 gold pieces.

Inventory:

Hand Weapons
 x - a +0 war axe
 H - a +0 battleaxe (weapon)
 J - a +6 morningstar
Missiles
 y - 12 boomerangs (quivered)
Armour
 b - a +0 animal skin
 i - a +0 ring mail
 n - a +0 chain mail (worn)
 G - a +1 pair of gloves (worn)
Jewellery
 k - an amulet of the acrobat (around neck)
 o - a ring of positive energy
 C - a ring of poison resistance (left hand)
 M - a ring of protection from cold
Wands
 K - a wand of paralysis (8)
 L - a wand of mindburst (12)
Scrolls
 a - 2 scrolls of blinking {unknown}
 g - 2 scrolls of fear {unknown}
 h - 3 scrolls of noise {unknown}
 l - 4 scrolls of vulnerability {unknown}
 m - 8 scrolls of identify {unknown}
 q - a scroll of acquirement {unknown}
 r - 2 scrolls of summoning {unknown}
 t - a scroll of silence {unknown}
 u - a scroll of fog {unknown}
 w - 4 scrolls of immolation {unknown}
 A - 2 scrolls of teleportation {unknown}
 B - 2 scrolls of enchant weapon {unknown}
 I - a scroll of holy word {unknown}
Potions
 c - 2 potions of haste {unknown}
 d - a potion of magic {unknown}
 e - 3 potions of mutation {unknown}
 f - 7 potions of curing {unknown}
 j - 3 potions of attraction {unknown}
 p - a potion of berserk rage {unknown}
 s - 2 potions of might {unknown}
 v - a potion of invisibility
 z - a potion of brilliance {unknown}
 D - a potion of lignification {unknown}
 E - a potion of flight {unknown}
 F - 2 potions of heal wounds {unknown}


   Skills:
 + Level 11.3 Fighting
 + Level 11.3 Axes
 + Level 11.0 Armour
 + Level 7.4 Dodging


You had 10 spell levels left.
You didn't know any spells.
Your spell library was empty.

Dungeon Overview and Level Annotations

Branches:
Dungeon (9/15)             Temple (0/1) D:4            Lair (1/6) D:8
    Orc: D:9-12

Altars:
Makhleb
Okawaru
Qazlal
Sif Muna
Uskayaw
Xom
The Shining One

Shops:
D:1 *   D:8 *


Innate Abilities, Weirdness & Mutations

You have a pair of horns on your head.
You reflexively headbutt those who attack you in melee.


Message History

The rime drake breathes ice at you. The flash freeze hits you!
You are encased in ice.
The yak gores you but does no damage. The cane toad misses you.
You furiously retaliate!
You headbutt the cane toad.
The rime drake bites you but does no damage.
You slash the rime drake!
The rime drake is moderately wounded.
You barely miss the yak. You hit the cane toad. The yak barely misses you.
The cane toad stings you! The rime drake barely misses you.
You hit the rime drake. You headbutt the rime drake.
The rime drake is severely wounded.
You hit the yak. You hit the cane toad. The cane toad stings you.
The yak gores you! The rime drake closely misses you. The cane toad stings you!
The yak closely misses you. You furiously retaliate!
You headbutt the yak. The rime drake completely misses you.
You barely miss the rime drake. You headbutt the rime drake!
The rime drake is almost dead.
You hit the cane toad. You slash the yak! The cane toad stings you.
The rime drake completely misses you. The yak gores you.
The ice encasing you melts away.
The cane toad stings you but does no damage.
The rime drake breathes ice at you. The flash freeze hits you!
* * * LOW HITPOINT WARNING * * *
You are encased in ice.
The yak closely misses you. You furiously retaliate!
You headbutt the yak.
You climb upwards.
Welcome back to the Dungeon!
There is a staircase to the Lair here.
Your skin crawls.
You feel strong-willed. The ice encasing you melts away.
The cane toad stings you.
* * * LOW HITPOINT WARNING * * *
The rime drake bites you but does no damage.
The yak barely misses you. The cane toad stings you!
* * * LOW HITPOINT WARNING * * *
A red film seems to cover your vision as you go berserk!
You feel yourself moving faster!
You feel mighty! The rime drake bites you.
You die...

....##............###..#.#.####.≈
##..##...................#.# #.≈
..#.##.....................# #..
⌠.#................##......####..
..#.##...........∩......##....#..
##≈.[....<.......####...####(.#..
≈≈.......[.......####...#...###..
≈≈..#).....[...kYF......#...###..
##≈...###[)>)...@.............#..
..#..###..........##....#....##.≈
⌠.#..............#...........##§≈
..#..##...............#.#######§§
##..###.>..........###..# ###
....................#.>## ######
....................#.######.....
.......###.........#.#.#.#...####
.......###...........[....####


You could see a yak, a cane toad and a rime drake.

Vanquished Creatures
  Joseph (D:7)
  A black mamba (D:8)
  A komodo dragon (D:7)
  A troll (D:8)
  Prince Ribbit (D:5)
  Grinder (D:3)
  A shadow (D:6)
  17 yaks (D:8)
  Duvessa (D:4)
  An orc warrior (D:8)
  A hornet zombie (D:4)
  3 black bears
  An ogre (D:4)
  2 necrophages
  A sky beast (D:7)
  3 centaurs
  Blork the orc (D:6)
  A scorpion (D:6)
  8 bullfrogs
  Dowan (D:4)
  3 killer bees (D:8)
  3 howler monkeys (D:7)
  10 wights (D:8)
  2 electric eels (D:8)
  4 crimson imps (D:4)
  2 centaur zombies
  A gnoll shaman (D:7)
  3 hounds
  2 jellies
  An orc priest (D:8)
  2 centaur skeletons
  3 iron imps (D:8)
  9 iguanas
  4 orc wizards
  A howler monkey zombie (D:9)
  8 gnolls
  4 adders
  A howler monkey skeleton (D:5)
  2 shadow imps
  A white imp (D:7)
  3 ufetubi
  A worm (D:2)
  A dart slug (D:5)
  16 orcs
  8 ball pythons
  9 bats
  5 endoplasms
  4 giant cockroaches
  9 hobgoblins
  8 jackals (D:2)
  4 quokkas
  7 frilled lizards
  7 goblins
  6 kobolds
  5 rats
207 creatures vanquished.

Vanquished Creatures (others)
  A fungus (Lair:1)
  30 plants
31 creatures vanquished.

Grand Total: 238 creatures vanquished

Notes
Turn   | Place    | Note
-------+----------+-------------------------------------------
     0 | D:1      | ticklebelly the Minotaur Berserker began the quest for the
                  | Orb.
     0 | D:1      | Reached XP level 1. HP: 19/19 MP: 0/0
   396 | D:1      | Found Tuoh's Assorted Antiques.
   487 | D:1      | Reached XP level 2. HP: 27/27 MP: 1/1
   487 | D:1      | Found a faded altar of an unknown god.
  1042 | D:1      | Reached XP level 3. HP: 26/33 MP: 2/2
  1497 | D:2      | Reached ** piety under Trog
  1756 | D:2      | Reached XP level 4. HP: 40/40 MP: 3/3
  2848 | D:3      | Noticed Grinder
  2854 | D:3      | Killed Grinder
  2855 | D:3      | Reached skill level 5 in Fighting
  2855 | D:3      | Reached skill level 5 in Axes
  2855 | D:3      | Reached XP level 5. HP: 31/48 MP: 4/4
  2855 | D:3      | Reached XP level 6. HP: 36/56 MP: 5/5
  3048 | D:3      | Found a glowing golden altar of the Shining One.
  3375 | D:4      | Reached skill level 5 in Armour
  3830 | D:4      | Noticed Dowan
  3831 | D:4      | Noticed Duvessa
  3844 | D:4      | Killed Dowan
  3845 | D:4      | Killed Duvessa
  3846 | D:4      | Reached XP level 7. HP: 44/63 MP: 6/6
  4014 | D:4      | Found a staircase to the Ecumenical Temple.
  4122 | D:4      | Found a hide-covered altar of Uskayaw.
  4122 | D:4      | Found a stormy altar of Qazlal.
  4122 | D:4      | Found a shimmering blue altar of Sif Muna.
  4187 | D:4      | Reached *** piety under Trog
  4514 | D:4      | Found a shimmering altar of Xom.
  4579 | D:5      | Entered Level 5 of the Dungeon
  4809 | D:5      | Reached XP level 8. HP: 58/73 MP: 7/7
  5091 | D:5      | Noticed Prince Ribbit
  5107 | D:5      | Killed Prince Ribbit
  5108 | D:5      | Reached skill level 5 in Dodging
  5610 | D:6      | Reached XP level 9. HP: 18/81 MP: 8/8
  5896 | D:6      | Noticed Blork the orc
  5904 | D:6      | Killed Blork the orc
  6608 | D:7      | Reached **** piety under Trog
  6931 | D:7      | Noticed a komodo dragon
  6943 | D:7      | Killed a komodo dragon
  7059 | D:7      | Noticed Joseph
  7079 | D:7      | Killed Joseph
  8037 | D:8      | Reached XP level 10. HP: 89/92 MP: 9/9
  8038 | D:8      | Reached skill level 10 in Fighting
  8065 | D:8      | Reached skill level 10 in Axes
  8068 | D:8      | Found a staircase to the Lair.
  8311 | D:8      | Found Akhli's Lightly-Used Armoury.
  8385 | D:8      | Found an iron altar of Okawaru.
  8435 | D:8      | Reached skill level 10 in Armour
  9036 | D:8      | Found a burning altar of Makhleb.
  9347 | D:8      | Reached ***** piety under Trog
  9860 | Lair:1   | Entered Level 1 of the Lair of Beasts
  9864 | Lair:1   | Noticed a cane toad
  9867 | Lair:1   | Noticed a black mamba
  9876 | D:8      | Killed a black mamba
  9877 | D:8      | Reached XP level 11. HP: 60/102 MP: 10/10
 10038 | D:8      | HP: 2/102 [cane toad (13)]
 10039 | D:8      | Slain by a rime drake

Illustrated notes

Levels and vault maps discovered:
D:1:      roderic_crop_circles_arrival_large, layout_basic, serial_shops, shop,
          ebering_ecumenical_altar_ruins
D:2:      layout_basic
D:3:      layout_loops_corners, nicolae_tso_swordbearing_angel,
          minmay_misc_feat_rugged, minmay_door_square, uniq_grinder
D:4:      layout_basic, led_xom_imps, gammafunk_temple_overflow_claw,
          minmay_temple_entry_hall, uniq_duvessa
D:5:      layout_basic, hangedman_decor_points, minmay_manual_mares,
          uniq_prince_ribbit1
D:6:      layout_loops_ring, uniq_blork_the_orc
D:7:      layout_basic, kennysheep_decorative_pillar, minmay_lizard_king,
          uniq_joseph
D:8:      layout_rooms, demons_altar, okawaru_trees_2, lair_entry_dummy,
          st_stairs_8, minmay_shop_damaged, hangedman_glass_teeth, fountainhead
D:9:      layout_small_grid, biasface_ghost_orc_armoury
Lair:1:   layout_concentric_octagons, serial_bayou_lake_a, uniq_harold

Skill      XL: |  1  2  3  4  5  6  7  8  9 10 |
---------------+-------------------------------+-----
Fighting       | 4 5 6 7 8 9 11 | 11.3
Axes           | 4 5 6 8 9 11 | 11.3
Armour         | 3 4 5 6 7 9 11 | 11.0
Dodging        | 3 4 6 7 |  7.4

Action                   |  1- 3 |  4- 6 |  7- 9 | 10-12 || total
-------------------------+-------+-------+-------+-------++-------
Melee: Hand axe          |   110 |    94 |    66 |       ||   270
       Headbutt          |    14 |    21 |    53 |    23 ||   111
       War axe           |       |       |   155 |       ||   155
       Battleaxe         |       |       |    38 |   107 ||   145
Invok: Berserk           |     1 |     1 |     4 |     3 ||     9
       Trog's Hand       |       |       |     2 |     1 ||     3
 Stab: Sleeping          |     1 |       |       |       ||     1
Armor: Animal skin       |    16 |       |       |       ||    16
       Ring mail         |    14 |     6 |       |       ||    20
       Chain mail        |       |    24 |   123 |    86 ||   233
Dodge: Dodged            |    57 |    43 |   147 |   133 ||   380
